 Dungeon Crawl Stone Soup version 0.32-a0-705-g60f233581c (webtiles) character file.

Game seed: 3060645048812442336

15 ragingrage the Charlatan (level 2, -1/23 HPs)
             Began as a Djinni Artificer on Mar 15, 2024.
             Slain by an orc
             ... wielding a +2 trident of freezing
              (6 damage)
             ... on level 2 of the Dungeon.
             The game lasted 00:00:32 (356 turns).

ragingrage the Charlatan (Djinni Artificer)          Turns: 356, Time: 00:00:33

Health: -1/23      AC:  3    Str: 11    XL:     2   Next: 65%
Gold:   49         EV: 10    Int: 12    God:
                   SH:  0    Dex: 13

rFire   + + .        a - +0 long sword
rCold   x . .        (no shield)
rNeg    . . .        b - +0 leather armour
rPois   ∞            (no helmet)
rElec   .            (no cloak)
rCorr   .            (no gloves)
SInv    .            (boots unavailable)
Will    .....        (no amulet)
Stlth   +            (no ring)
HPRegen 0.23/turn    (no ring)
MPRegen 0.00/turn

%: infuse magic (-2 HP)
@: flying
A: sickness immunity, fire resistance 2, cold vulnerability 1, float, innate
caster, HP casting, extra vitality 1
a: no special abilities


You were on level 2 of the Dungeon.
You visited 1 branch of the dungeon, and saw 2 of its levels.

You collected 49 gold pieces.

Inventory:

Hand Weapons
 a - a +0 long sword (weapon)
Armour
 b - a +0 leather armour (worn)
Wands
 c - a wand of flame (12) (quivered)
 d - a wand of charming (14)
 e - a wand of iceblast (5)
Scrolls
 f - a scroll of noise {unknown}
 g - a scroll of fear {unknown}
 h - a scroll of fog {unknown}
Potions
 i - a potion of berserk rage {unknown}


   Skills:
 + Level 2.2 Fighting
 + Level 0.2 Long Blades
 - Level 1.0 Armour
 - Level 2.1 Dodging
 + Level 1.0 Stealth
 - Level 3.0 Evocations You didn't know any spells. Your spell library was empty.

Dungeon Overview and Level Annotations

Branches:
Dungeon (2/15)

Altars:


Innate Abilities, Weirdness & Mutations

You are immune to sickness and miasma.
You are immune to poison.
Your flesh is very heat resistant. (rF++)
You are vulnerable to cold. (rC-)
You float through the air rather than walking.
You learn spells naturally, not from books.
Your magical power is your life essence.
You have superior vitality. (+4 MHP)


Message History

The orc wizard mumbles some strange words.
The orc wizard flickers and vanishes!
Deactivating autopickup; reactivate with Ctrl-A.
You hit the endoplasm.
You kill the endoplasm!
A hobgoblin comes into view.
It is wearing the ring "Feelegot" {rF++ rCorr SInv}.
An orc comes into view. It is wielding a +0 hand axe.
The orc hits you from afar with a +2 trident of freezing.
The orc freezes you. Something hits you.
Your Stealth skill increases to level 1!
You are too injured to fight recklessly!
You are too injured to fight recklessly!
You are too injured to fight recklessly!
You are too injured to fight recklessly!
You are too injured to fight recklessly!
You are too injured to fight recklessly!
You are too injured to fight recklessly!
You are too injured to fight recklessly!
You are too injured to fight recklessly!
Unknown command.
Aiming: Charm
Press: ? - help, Shift-Dir - straight line, f - orc
Aim: an orc, wielding a +2 trident of freezing and wearing a +0 leather armour (chance to affect: 73%)
You detect the charmed orc wizard.
Reactivating autopickup.
The orc barely misses you. What are your orders? t - Shout!
Orders for allies: a - Attack new target. p - Attack previous target. r - Retreat! s - Stop attacking. g - Guard the area. f - Follow me.
Anything else - Cancel.
Gang up on whom?
Press: ? - help, Dir - move target, f/p - orc
Aim: an orc, wielding a +2 trident of freezing and wearing a +0 leather armour Attack!
The orc hits you from afar with a +2 trident of freezing!
* * * LOW HITPOINT WARNING * * *
The orc freezes you.
You die...

#.#...).##
#.#.###..## ###
#.#.# #.#.###.#
#.#.###.#.....#
#.............#
###.###.#.#.#.# #.#
#.#.#.#.#
#.###.#.#.#.#####...
#...........@ooogo..
#######.#########.#.
#.####### #.......#
#######.#


You could see 3 orcs, a hobgoblin and a friendly orc wizard (charmed,
invisible).

Vanquished Creatures
  A dart slug (D:2)
  2 endoplasms
  2 goblins (D:2)
  A hobgoblin (D:1)
  A quokka (D:2)
  3 bats (D:1)
  A frilled lizard (D:2)
11 creatures vanquished.

Notes
Turn   | Place    | Note
-------+----------+-------------------------------------------
     0 | D:1      | ragingrage the Djinni Artificer began the quest for the
                  | Orb.
     0 | D:1      | Reached XP level 1. HP: 17/17 MP: 0/0
   208 | D:1      | Reached XP level 2. HP: 15/23 MP: 0/0
   254 | D:1      | You are sucked into a shaft and drop 1 floor!
   354 | D:2      | Identified the ring "Feelegot" {rF++ rCorr SInv}
   355 | D:2      | Reached skill level 1 in Stealth
   356 | D:2      | Slain by an orc

Illustrated notes

Levels and vault maps discovered:
D:1:      dpeg_arrival_pits, layout_basic, basic_ecumenical_altar, serial_shops,
          shop, reono_crystal_passage
D:2:      layout_loops_ring, basic_altar, uniq_crazy_yiuf_cottage

Skill      XL: |  1  2 |
---------------+-------+-----
Fighting       | 2 |  2.2
Stealth        | 1 |  1.0
Long Blades    | |  0.2
Armour         | |  1.0
Dodging        | |  2.1
Evocations     | |  3.0

Action                     || total
---------------------------++-------
  Melee: Club              ||    23
         Long sword        ||    15
  Evoke: Wand              ||     4
   Stab: Sleeping          ||     1
 Armour: Leather armour    ||    40
  Dodge: Dodged            ||    35

Table legend: (Time is in decaauts)
 A = Elapsed time spent in this place.
 B = Non-inter-level travel time spent in this place.
 C = Inter-level travel time spent in this place.
 D = Time resting spent in this place.
 E = Time spent auto-exploring this place.
 F = Levels seen in this place.
 G = Mean time per level.
                   A        B        C        D        E       F      G
               +--------+--------+--------+--------+--------+-----+--------+
         Total |    368 |    368 |      0 |     29 |    241 |   2 |  184.0 |
       Dungeon |    368 |    368 |      0 |     29 |    241 |   2 |  184.0 |
               +--------+--------+--------+--------+--------+-----+--------+

Top non-repeatable levels by time:
     D:1: 260 daAuts
     D:2: 107 daAuts
